3L
PHILADELPHIA 1776 BC @ AUSTIN RANGERS
08/23/2021
 
TOP OF THE 1ST
Philadelphia 1776 BC batting - Pitching for Austin Rangers : RHP Art Adams
Pitching: RHP Art Adams
Batting: RHB Jesús Orozco 0-0: Foul Ball, location: 2F
0-1: Ball
1-1: Ball
2-1: Ball
3-1: Fly out, F9 (Flyball, 89XD)
Batting: LHB Sébastien Rolland 0-0: Ball
1-0: Ball
2-0: Called Strike
2-1: Ball
3-1: SINGLE (Line Drive, 6D)
Batting: LHB Chris Nelson 0-0: Called Strike
Sébastien Rolland is caught stealing 2nd base
0-1: Called Strike
0-2: Strikes out swinging
Top of the 1st over - 0 run(s), 1 hit(s), 0 error(s), 0 left on base; Philadelphia 1776 0 - Austin 0
BOTTOM OF THE 1ST
Austin Rangers batting - Pitching for Philadelphia 1776 BC : LHP Woody Sullivan
Pitching: LHP Woody Sullivan
Batting: RHB Alex Maxwell 0-0: Ball
1-0: Foul Ball, location: 2F
1-1: Ball
2-1: Called Strike
2-2: SINGLE (Groundball, 4M)
Batting: SHB Carlos Kramer 0-0: Foul Ball, location: 2F
0-1: Ball
1-1: Ball
2-1: Foul Ball, location: 2F
2-2: Grounds into double play, 6-4-3 (Groundball, 56)
Batting: RHB Steffen Taylor 0-0: Foul Ball, location: 2F
0-1: SINGLE (Groundball, 6M)
Batting: RHB Joaquín Parra 0-0: Ball
Wild Pitch!
Steffen Taylor to second
1-0: Foul Ball, location: 2F
1-1: Called Strike
1-2: Ball
2-2: Ball
3-2: Foul Ball, location: 2F
3-2: Base on Balls
Batting: RHB Joseph Pate 0-0: Foul Ball, location: 2F
0-1: Ball
1-1: Ball
2-1: Called Strike
2-2: Fly out, F8 (Flyball, 8LM)
Bottom of the 1st over - 0 run(s), 2 hit(s), 0 error(s), 2 left on base; Philadelphia 1776 0 - Austin 0
TOP OF THE 2ND
Philadelphia 1776 BC batting - Pitching for Austin Rangers : RHP Art Adams
Batting: RHB Gil Moore 0-0: Ball
1-0: Ball
2-0: Called Strike
2-1: Ground out 4-3 (Groundball, 4M)
Batting: RHB Yuji Ine 0-0: Called Strike
0-1: Fly out, F8 (Flyball, 8LD)
Batting: LHB Manuel García 0-0: Called Strike
0-1: Ball
1-1: SINGLE (Groundball, 56)
Batting: RHB Ryan Simpson 0-0: Fly out, F7 (Flyball, 7LM)
Top of the 2nd over - 0 run(s), 1 hit(s), 0 error(s), 1 left on base; Philadelphia 1776 0 - Austin 0
BOTTOM OF THE 2ND
Austin Rangers batting - Pitching for Philadelphia 1776 BC : LHP Woody Sullivan
Batting: LHB Phil Ritchie 0-0: Ball
1-0: Foul Ball, location: 2F
1-1: Swinging Strike
1-2: Foul Ball, location: 2F
1-2: Ball
2-2: Strikes out swinging
Batting: RHB Riley Howard 0-0: Ball
1-0: Ball
2-0: Ball
3-0: Called Strike
3-1: Fly out, F7 (Flyball, 78M)
Batting: LHB Trent Kershaw 0-0: Called Strike
0-1: Ball
1-1: Swinging Strike
1-2: Foul Ball, location: 2F
1-2: Ball
2-2: Strikes out swinging
Bottom of the 2nd over - 0 run(s), 0 hit(s), 0 error(s), 0 left on base; Philadelphia 1776 0 - Austin 0
TOP OF THE 3RD
Philadelphia 1776 BC batting - Pitching for Austin Rangers : RHP Art Adams
Batting: RHB Dave Knight 0-0: Ball
1-0: Ball
2-0: Ball
3-0: Called Strike
3-1: Fly out, F8 (Flyball, 8RS)
Batting: RHB António Granados 0-0: Ground out U3 (Groundball, 3L)
Batting: RHB Jesús Orozco 0-0: Called Strike
0-1: Ball
1-1: SINGLE (Flyball, 78S)
Batting: LHB Sébastien Rolland 0-0: Ball
1-0: SINGLE (Line Drive, 9LM)
Jesús Orozco to second
Batting: LHB Chris Nelson 0-0: Ball
1-0: Foul Ball, location: 2F
1-1: Foul Ball, location: 2F
1-2: Foul Ball, location: 2F
1-2: Ball
2-2: Strikes out looking
Top of the 3rd over - 0 run(s), 2 hit(s), 0 error(s), 2 left on base; Philadelphia 1776 0 - Austin 0
BOTTOM OF THE 3RD
Austin Rangers batting - Pitching for Philadelphia 1776 BC : LHP Woody Sullivan
Batting: RHB George McDonald 0-0: Called Strike
0-1: Fly out, F3 (Popup, 3S)
Batting: RHB Alex Maxwell 0-0: Called Strike
0-1: Fly out, F9 (Flyball, 89S)
Batting: SHB Carlos Kramer 0-0: Fly out, F7 (Line Drive, 78S)
Bottom of the 3rd over - 0 run(s), 0 hit(s), 0 error(s), 0 left on base; Philadelphia 1776 0 - Austin 0
TOP OF THE 4TH
Philadelphia 1776 BC batting - Pitching for Austin Rangers : RHP Art Adams
Batting: RHB Gil Moore 0-0: Fly out, F7 (Flyball, 78D)
Batting: RHB Yuji Ine 0-0: Foul Ball, location: 2F
0-1: Foul Ball, location: 2F
0-2: Foul Ball, location: 2F
0-2: Ground out 6-3 (Groundball, 6M)
Batting: LHB Manuel García 0-0: Foul Ball, location: 2F
0-1: Foul Ball, location: 2F
0-2: Foul Ball, location: 2F
0-2: Ground out 4-3 (Groundball, 34)
Top of the 4th over - 0 run(s), 0 hit(s), 0 error(s), 0 left on base; Philadelphia 1776 0 - Austin 0
BOTTOM OF THE 4TH
Austin Rangers batting - Pitching for Philadelphia 1776 BC : LHP Woody Sullivan
Batting: RHB Steffen Taylor 0-0: Ball
1-0: Called Strike
1-1: Foul Ball, location: 2F
1-2: Strikes out looking
Batting: RHB Joaquín Parra 0-0: Ball
1-0: Ground out 4-3 (Groundball, 4)
Batting: RHB Joseph Pate 0-0: Ball
1-0: Called Strike
1-1: Fly out, F9 (Flyball, 89XD)
Bottom of the 4th over - 0 run(s), 0 hit(s), 0 error(s), 0 left on base; Philadelphia 1776 0 - Austin 0
TOP OF THE 5TH
Philadelphia 1776 BC batting - Pitching for Austin Rangers : RHP Art Adams
Batting: RHB Ryan Simpson 0-0: Called Strike
0-1: Foul Ball, location: 2F
0-2: Strikes out swinging
Batting: RHB Dave Knight 0-0: Ball
1-0: SINGLE (Line Drive, 8RS)
Batting: RHB António Granados 0-0: Ball
1-0: Grounds into double play, 1-6-3 (Groundball, 25)
Top of the 5th over - 0 run(s), 1 hit(s), 0 error(s), 0 left on base; Philadelphia 1776 0 - Austin 0
BOTTOM OF THE 5TH
Austin Rangers batting - Pitching for Philadelphia 1776 BC : LHP Woody Sullivan
Batting: LHB Phil Ritchie 0-0: Called Strike
0-1: Ball
1-1: Ball
2-1: Ground out 4-3 (Groundball, 4)
Batting: RHB Riley Howard 0-0: Foul Ball, location: 2F
0-1: Foul Ball, location: 2F
0-2: Ball
1-2: Ball
2-2: Foul Ball, location: 2F
2-2: Foul Ball, location: 2F
2-2: Ball
3-2: Base on Balls
Batting: LHB Trent Kershaw 0-0: Ball
1-0: SINGLE (Groundball, 56D)
Riley Howard to second
Batting: RHB George McDonald 0-0: Ball
1-0: Foul Ball, location: 2F
1-1: Ball
2-1: Fly out, F9 (Flyball, 9M)
Batting: RHB Alex Maxwell 0-0: Foul Ball, location: 2F
0-1: Ball
1-1: Ball
2-1: Foul Ball, location: 2F
2-2: SINGLE (Flyball, 4MD)
Riley Howard to third
Trent Kershaw to second
Runner from 3rd tries for Home, SAFE, no throw or cutoff
Batting: SHB Carlos Kramer 0-0: Called Strike
0-1: Ball
1-1: Ball
2-1: Foul Ball, location: 2F
2-2: Strikes out looking
Bottom of the 5th over - 1 run(s), 2 hit(s), 0 error(s), 2 left on base; Philadelphia 1776 0 - Austin 1
TOP OF THE 6TH
Philadelphia 1776 BC batting - Pitching for Austin Rangers : RHP Art Adams
Batting: RHB Jesús Orozco 0-0: Swinging Strike
0-1: Swinging Strike
0-2: Ball
1-2: Ground out 4-3 (Groundball, 4M)
Batting: LHB Sébastien Rolland 0-0: Foul Ball, location: 2F
0-1: Foul Ball, location: 2F
0-2: Foul Ball, location: 2F
0-2: Fly out, F8 (Flyball, 8LM)
Batting: LHB Chris Nelson 0-0: Ball
1-0: Ball
2-0: Swinging Strike
2-1: Ball
3-1: Called Strike
3-2: Ground out 3-1 (Groundball, 3)
Top of the 6th over - 0 run(s), 0 hit(s), 0 error(s), 0 left on base; Philadelphia 1776 0 - Austin 1
BOTTOM OF THE 6TH
Austin Rangers batting - Pitching for Philadelphia 1776 BC : LHP Woody Sullivan
Batting: RHB Steffen Taylor 0-0: Ball
1-0: Fly out, F9 (Flyball, 89M)
Batting: RHB Joaquín Parra 0-0: Called Strike
0-1: Swinging Strike
0-2: Ball
1-2: Fly out, F9 (Line Drive, 9S)
Batting: RHB Joseph Pate 0-0: Called Strike
0-1: Foul Ball, location: 2F
0-2: Ground out 5-3 (Groundball, 56)
Bottom of the 6th over - 0 run(s), 0 hit(s), 0 error(s), 0 left on base; Philadelphia 1776 0 - Austin 1
TOP OF THE 7TH
Philadelphia 1776 BC batting - Pitching for Austin Rangers : RHP Art Adams
Batting: RHB Gil Moore 0-0: Foul Ball, location: 2F
0-1: Fly out, F8 (Flyball, 8RM)
Batting: RHB Yuji Ine 0-0: Foul Ball, location: 2F
0-1: Fly out, F8 (Flyball, 8RD)
Batting: LHB Manuel García 0-0: Swinging Strike
0-1: Ground out 4-3 (Groundball, 4)
Top of the 7th over - 0 run(s), 0 hit(s), 0 error(s), 0 left on base; Philadelphia 1776 0 - Austin 1
BOTTOM OF THE 7TH
Austin Rangers batting - Pitching for Philadelphia 1776 BC : LHP Woody Sullivan
Batting: LHB Phil Ritchie 0-0: Ball
1-0: Called Strike
1-1: Ball
2-1: SINGLE (Line Drive, 56)
Batting: RHB Riley Howard 0-0: Called Strike
0-1: Bunted foul
0-2: SINGLE (Line Drive, 56D)
Phil Ritchie to second
Batting: LHB Trent Kershaw 0-0: Sac Bunt - play at first, batter OUT! 1-4
Phil Ritchie to third
Riley Howard to second
Batting: RHB George McDonald 0-0: SINGLE (Line Drive, 9S)
Phil Ritchie scores
Riley Howard to third
Runner from 3rd tries for Home, SAFE, throw made home
Batting: RHB Alex Maxwell 0-0: Called Strike
0-1: Ball
1-1: Fielders Choice at 2nd, U6 (Groundball, 6M)
Batting: SHB Carlos Kramer 0-0: Ball
1-0: Foul Ball, location: 2F
1-1: Fly out, F4 (Line Drive, 4)
Bottom of the 7th over - 2 run(s), 3 hit(s), 0 error(s), 1 left on base; Philadelphia 1776 0 - Austin 3
TOP OF THE 8TH
Philadelphia 1776 BC batting - Pitching for Austin Rangers : RHP Art Adams
Batting: RHB Ryan Simpson 0-0: Called Strike
0-1: Ball
1-1: Ground out 6-3 (Groundball, 6)
Batting: RHB Dave Knight 0-0: Ball
1-0: Foul Ball, location: 2F
1-1: Foul Ball, location: 2F
1-2: Ball
2-2: Ball
3-2: Ground out 6-3 (Groundball, 6)
Batting: RHB António Granados 0-0: Ball
1-0: SINGLE (Line Drive, 4MD)
Batting: RHB Jesús Orozco 0-0: Ball
1-0: Fly out, F6 (Line Drive, 6D)
Top of the 8th over - 0 run(s), 1 hit(s), 0 error(s), 1 left on base; Philadelphia 1776 0 - Austin 3
BOTTOM OF THE 8TH
Austin Rangers batting - Pitching for Philadelphia 1776 BC : LHP Woody Sullivan
Batting: RHB Steffen Taylor 0-0: Ground out 5-3 (Groundball, 56)
Batting: RHB Joaquín Parra 0-0: Called Strike
0-1: SINGLE (Groundball, 6MD) (infield hit)
Batting: RHB Joseph Pate 0-0: Called Strike
0-1: Swinging Strike
0-2: Ball
1-2: Ball
2-2: Ball
3-2: Grounds into double play, 6-4-3 (Groundball, 6)
Bottom of the 8th over - 0 run(s), 1 hit(s), 0 error(s), 0 left on base; Philadelphia 1776 0 - Austin 3
TOP OF THE 9TH
Philadelphia 1776 BC batting - Pitching for Austin Rangers : RHP Art Adams
Batting: LHB Sébastien Rolland 0-0: Called Strike
0-1: Foul Ball, location: 2F
0-2: Foul Ball, location: 2F
0-2: Fly out, F9 (Flyball, 89D)
Batting: LHB Chris Nelson 0-0: Called Strike
0-1: SINGLE (Line Drive, 56D)
Batting: RHB Gil Moore 0-0: Ball
1-0: Foul Ball, location: 2F
1-1: Grounds into double play, U6-3 (Groundball, 6)
Top of the 9th over - 0 run(s), 1 hit(s), 0 error(s), 0 left on base; Philadelphia 1776 0 - Austin 3
This league is powered by Out of the Park Baseball, the baseball management simulation game for PC, Mac and Linux
Friday, January 22nd, 2016 - OOTP Baseball 16.9 Build 39